AoeStats
← Tiny Joe

Coastal Forest

503448792Analyzed
3v3 RM · 10d ago on Aug 31, 2026· 55m 30s· 6 players
Game mode
Random Map
Map size
Normal (6 player)
Population
200
Speed
Normal
Resources
Standard
Victory
Conquest
Starting age
Dark Age
Ending age
Imperial Age
RankedLock teamsTeams togetherTeam positionsShared explorationLock speedFull tech treeHidden civsTurbo modeCheats
Victory
Defeat
🇩🇪 Aztecs · Germany
1111
+15
🇩🇪 Franks · Germany
1048
+17
🇩🇪 Huns · Germany
1032
+18
🇹🇷 Magyars · Türkiye
1105
-18
🇺🇸 Britons · United States
1073
-16
🇦🇷 Celts · Argentina
1059
-16
Batkon
13:01 Feudal Age
14:42 Wheelbarrow
13:51 Horse Collar
13:59 Double-Bit Axe
14:54 Fishing Lines
17:07 Loom
19:46 Castle Age
19:11 Stone Mining
20:46 Hand Cart
24:46 Fletching
29:42 Gold Mining
31:37 Gold Shaft Mining
32:03 Bow Saw
33:01 Gillnets
35:35 Yeomen
35:17 Bodkin Arrow
38:47 Light Cavalry
41:00 Pikeman
43:10 Ballistics
45:37 Imperial Age
44:17 Forging
44:08 Padded Archer Armor
47:26 Two-Man Saw
46:20 Town Watch
46:59 Cavalier
47:39 Husbandry
Erickinio
4:52 Loom
11:42 Feudal Age
12:13 Double-Bit Axe
14:56 Man-at-Arms
15:23 Arson
34:17 Castle Age
34:23 Castle Age
37:35 Pikeman
Tiny Joe
11:11 Feudal Age
16:04 Castle Age
14:14 Double-Bit Axe
14:15 Horse Collar
16:27 Fletching
19:04 Loom
20:09 Bow Saw
21:37 Bodkin Arrow
23:42 Padded Archer Armor
27:30 Ballistics
28:44 Gold Mining
28:44 Stone Mining
29:08 Scale Barding Armor
32:13 Wheelbarrow
33:23 Heavy Plow
38:23 Imperial Age
36:22 Leather Archer Armor
36:24 Bloodlines
35:54 Elite Skirmisher
36:57 Chain Barding Armor
37:26 Hand Cart
37:15 Corvinian Army
38:08 Thumb Ring
38:27 Husbandry
37:52 Light Cavalry
38:43 Town Watch
40:19 Conscription
40:31 Parthian Tactics
40:26 Bracer
41:32 Chemistry
43:20 Ring Archer Armor
45:13 Crop Rotation
48:05 Plate Barding Armor
52:04 Elite Magyar Huszar
54:16 Two-Man Saw
[Gaymerz] olimey
7:55 Loom
9:48 Feudal Age
10:39 Double-Bit Axe
10:43 Loom
15:37 Fletching
18:15 Castle Age
18:02 Padded Archer Armor
22:45 Horse Collar
23:51 Crossbowman
26:17 Bodkin Arrow
25:46 Elite Skirmisher
26:26 Bodkin Arrow
30:46 Imperial Age
29:20 Padded Archer Armor
30:02 Squires
30:32 Leather Archer Armor
30:09 Town Watch
31:11 Wheelbarrow
31:43 Bracer
33:09 Chemistry
35:44 Arbalester
37:01 Eagle Warrior
37:27 Arson
37:44 Scale Mail Armor
37:54 Forging
39:23 Bow Saw
39:16 Heavy Plow
39:15 Elite Eagle Warrior
41:50 Chain Mail Armor
47:00 Iron Casting
47:30 Conscription
50:19 Town Patrol
51:46 Plate Mail Armor
52:24 Blast Furnace
[Gaymerz] Lutz
2:21 Loom
11:51 Feudal Age
12:55 Double-Bit Axe
32:29 Castle Age
31:52 Scale Barding Armor
32:01 Forging
33:58 Chain Barding Armor
34:51 Gold Mining
38:22 Wheelbarrow
42:23 Iron Casting
51:53 Gold Shaft Mining
54:52 Imperial Age
54:24 Bow Saw
55:00 Husbandry
54:55 Stone Mining
theNight
9:09 Loom
12:16 Feudal Age
18:31 Castle Age
17:33 Fletching
17:44 Padded Archer Armor
18:14 Bloodlines
18:06 Gold Mining
18:03 Double-Bit Axe
20:10 Leather Archer Armor
19:57 Bodkin Arrow
21:14 Wheelbarrow
29:39 Ballistics
34:00 Leather Archer Armor
34:03 Hand Cart
33:34 Town Watch
34:39 Thumb Ring
40:39 Imperial Age
39:12 Masonry
41:10 Bow Saw
41:50 Parthian Tactics
40:49 Heavy Cavalry Archer
41:33 Bracer
43:21 Conscription
50:12 Gold Shaft Mining
49:28 Stone Mining
51:55 Scale Barding Armor
52:00 Forging
51:54 Husbandry
51:14 Light Cavalry
53:12 Horse Collar
54:35 Chemistry
54:14 Hussar
55:39 Chain Barding Armor
55:54 Iron Casting
Connection lost

Rejoining the realm…

Still unreachable

The connection could not be restored.

Session expired

The server has moved on; the page needs a fresh start.